 Dungeon Crawl Stone Soup version 0.23.2-1-ga50397a (webtiles) character file.

Game seed: 8827232356428674947

155 eccles the Conjurer (level 5, -6/28 HPs)
             Began as a Deep Elf Conjurer on Apr 26, 2019.
             Mangled by Sigmund
             ... wielding a +6 scythe of venom
              (11 damage)
             ... on level 2 of the Dungeon.
             The game lasted 00:15:21 (2593 turns).

eccles the Conjurer (Deep Elf Conjurer)             Turns: 2593, Time: 00:15:21

Health: -6/28      AC:  3    Str:  6    XL:     5   Next: 14%
Magic:  9/13       EV: 13    Int: 20    God:
Gold:   118        SH:  0    Dex: 15    Spells: 6/12 levels left

rFire    . . .     SeeInvis .   f - +0 short sword
rCold    . . .     Gourm    .   (no shield)
rNeg     . . .     Faith    .   a - +0 robe
rPois    .         Spirit   .   (no helmet)
rElec    .         Reflect  .   (no cloak)
rCorr    .         Harm     .   (no gloves)
MR       .....                  k - +0 pair of boots (curse)
Stlth    ++........             (no amulet)
HPRegen  0.09/turn              (no ring)
MPRegen  0.13/turn              (no ring)

@: no status effects
A: no striking features
a: no special abilities


You were on level 2 of the Dungeon.
You were not hungry.

You visited 1 branch of the dungeon, and saw 3 of its levels.

You collected 118 gold pieces.

Inventory:

Hand Weapons
 d - a cursed -3 mace
 f - a +0 short sword (weapon)
Missiles
 l - 5 javelins (quivered)
Armour
 a - a +0 robe (worn)
 k - a cursed +0 pair of boots (worn)
Magical Staves
 g - an uncursed staff of death {unknown}
Jewellery
 r - an uncursed amulet of guardian spirit {unknown}
Wands
 m - a wand of disintegration (13)
Scrolls
 e - a scroll of fog
 h - 3 scrolls of teleportation
 j - a scroll of fear
 q - a scroll of enchant weapon
Potions
 b - a potion of heal wounds
 n - a potion of cancellation {unknown}
 o - a potion of lignification {unknown}
Comestibles
 c - 2 rations


   Skills:
 + Level 0.1 Short Blades
 + Level 0.1 Throwing
 + Level 2.8 Dodging
 + Level 2.5 Stealth
 * Level 4.3 Spellcasting
 * Level 6.3 Conjurations


You had 6 spell levels left.
You knew the following spells:

 Your Spells              Type           Power        Failure   Level  Hunger
a - Magic Dart            Conj           ####         1%          1    None
b - Searing Ray           Conj           ####..       1%          2    #......
c - Dazzling Spray        Conj/Hex       ###...       11%         3    ###....

Your spell library contained the following spells:

 Spells                   Type           Power        Failure   Level  Hunger
 Iskenderun's Mystic Bla  Conj           ####....     10%         4    ####...
 Force Lance              Conj/Tloc      ###.....     34%         4    ####...
 Fulminant Prism          Conj/Hex       ###.......   34%         4    ####...


Dungeon Overview and Level Annotations

Branches:
Dungeon (3/15)

Altars:
Gozag

Annotations:
D:2 Sigmund


Message History

Sigmund hits you from afar with a +6 scythe of venom!
Ouch! That really hurt!
You bump into the rock wall.
Sigmund closely misses you.
Sigmund hits you with a +6 scythe of venom.
* * * LOW HITPOINT WARNING * * *
You bump into the rock wall.
You feel less confused.
Casting: Searing Ray (safe; 1% risk of failure)
Confirm with . or Enter, or press ? or * to list all spells.
Aiming: Searing Ray (safe; 1% risk of failure)
Press: ? - help, Shift-Dir - straight line, f/p - Sigmund
Aim: Sigmund, wielding a +6 scythe of venom and wearing a +0 robe (lightly wounded)
The searing ray hits Sigmund.
Sigmund is moderately wounded. (Press . to maintain the ray.) Sigmund barely misses you.
The searing ray hits Sigmund!
Sigmund is heavily wounded.
Sigmund hits you with a +6 scythe of venom!
You die...

## ####### ##.. ##...... #..
##....... ...... #.# #........
.......########.#####..##........
..$.........$#........# #........
..........@....#@###### #........
..............##@# ##........
..... .......# #.# ####.........
.# ...[...###.# #....##......
######.......#...# #.######.####
##......###.#..#### #.# ##.#
......#.###.......###)# #..#
......#..####.###..##.# #.##
......##.# #.# ##.(..# #)#
......##.# #.# #.<### ###.#


You could see Sigmund.

Vanquished Creatures
  An orc priest (D:3)
  An orc wizard (D:3)
  3 adders (D:2)
  4 worms
  2 dart slugs
  A leopard gecko (D:3)
  2 orcs (D:3)
  A ball python (D:3)
  6 bats
  5 giant cockroaches
  9 goblins
  5 hobgoblins
  7 kobolds
  A quokka (D:3)
  2 frilled lizards
  5 rats
55 creatures vanquished.

Notes
Turn   | Place    | Note
-------+----------+-------------------------------------------
     0 | D:1      | eccles the Deep Elf Conjurer began the quest for the Orb.
     0 | D:1      | Reached XP level 1. HP: 10/10 MP: 6/6
   328 | D:1      | Reached XP level 2. HP: 14/15 MP: 6/8
   948 | D:2      | Reached skill level 5 in Conjurations
  1066 | D:2      | Reached XP level 3. HP: 19/19 MP: 6/10
  1231 | D:2      | Noticed Sigmund
  1368 | D:1      | Learned a level 2 spell: Searing Ray
  1372 | D:1      | Learned a level 3 spell: Dazzling Spray
  1493 | D:3      | Found a faded altar of an unknown god.
  1705 | D:3      | Reached XP level 4. HP: 24/24 MP: 7/11
  1737 | D:3      | Reached skill level 6 in Conjurations
  2032 | D:3      | Reached XP level 5. HP: 28/28 MP: 7/13
  2083 | D:3      | Found an opulent altar of Gozag.
  2593 | D:2      | Mangled by Sigmund

Skill      XL: |  1  2  3  4 |
---------------+-------------+-----
Conjurations   | 5 6 |  6.3
Spellcasting   | 4 |  4.3
Short Blades   | |  0.1
Throwing       | |  0.1
Dodging        | |  2.8
Stealth        | |  2.5

Action                   |  1- 3 |  4- 6 || total
-------------------------+-------+-------++-------
Melee: Unarmed           |     2 |       ||     2
       Short sword       |    11 |     2 ||    13
Throw: Javelin           |     8 |       ||     8
 Cast: Magic Dart        |    76 |    35 ||   111
       Searing Ray       |     1 |     3 ||     4
  Use: Scroll            |       |     5 ||     5
  Eat: Chunk             |     2 |       ||     2
       Ration            |       |     1 ||     1
Armor: Robe              |     6 |       ||     6
Dodge: Dodged            |    21 |     6 ||    27
